 Dungeon Crawl Stone Soup version 0.28.0-47-ge53b351184 (webtiles) character file.

Game seed: 5061476832924356331

476 101zpm the Magician (level 7, 0/45 HPs)
             Began as a Djinni Fire Elementalist on May 4, 2022.
             Slain by a goblin
             ... wielding a +0 club
             ... led by Robin
              (4 damage)
             ... on level 4 of the Dungeon.
             The game lasted 00:10:36 (3658 turns).

101zpm the Magician (Djinni Fire Elementalist)      Turns: 3658, Time: 00:10:37

Health: 0/45       AC:  2    Str:  7    XL:     7   Next: 32%
Gold:   41         EV: 12    Int: 19    God:
                   SH:  0    Dex: 13

rFire   + + .      SeeInvis .   (no weapon)
rCold   x . .      Faith    .   (no shield)
rNeg    . . .      Spirit   .   a - +0 robe
rPois   ∞          Reflect  .   (no helmet)
rElec   .          Harm     .   (no cloak)
rCorr   .          Rampage  .   (no gloves)
Will    .....                   (boots unavailable)
Stlth   ++........              (no amulet)
HPRegen 0.15/turn               (no ring)
MPRegen 0.00/turn               (no ring)

@: flying
A: sickness immunity, fire resistance 2, cold vulnerability 1, float, innate
caster, HP casting, extra vitality 1
a: no special abilities


You were on level 4 of the Dungeon.
You visited 1 branch of the dungeon, and saw 4 of its levels.
You also visited: Ossuary.

You collected 41 gold pieces.

Inventory:

Missiles
 b - a throwing net
Armour
 a - a +0 robe (worn)
Scrolls
 d - a scroll of fog
 k - 2 scrolls of enchant armour
Potions
 c - 4 potions of heal wounds
 e - a potion of curing
 f - 2 potions of ambrosia
 g - a potion of cancellation {unknown}
 h - a potion of brilliance {unknown}
 i - a potion of invisibility {unknown}
 j - 2 potions of mutation
 l - a potion of magic {unknown}
 m - a potion of might {unknown}


   Skills:
 + Level 2.5 Dodging
 + Level 2.3 Stealth
 + Level 5.7 Spellcasting


You couldn't memorise any spells.
You knew the following spells:

 Your Spells              Type           Power      Damage    Failure   Level
a - Foxfire               Conj/Fire      100%       2x1d9     1%          1
b - Scorch                Fire           54%        2d8       1%          2
c - Conjure Flame         Conj/Fire      27%        6-21      3%          3
d - Inner Flame           Hex/Fire       27%        N/A       3%          3
e - Flame Wave            Conj/Fire      27%        2d7       11%         4
f - Shock                 Conj/Air       100%       1d9       1%          1
g - Static Discharge      Conj/Air       27%        N/A       1%          2
h - Searing Ray           Conj           54%        2d6       1%          2
Your spell library was empty.

Dungeon Overview and Level Annotations

Branches:
Dungeon (4/15)            Ossuary (visited)
 Temple: D:4-7

Altars:
Cheibriados

Annotations:
D:4 Duvessa, Robin


Innate Abilities, Weirdness & Mutations

You are immune to sickness and miasma.
You are immune to poison.
Your flesh is very heat resistant. (rF++)
You are vulnerable to cold. (rC-)
You float through the air rather than walking.
You learn spells naturally, not from books.
Your magical power is your life essence.
You have superior vitality. (+4 MHP)


Message History

* * * LOW HITPOINT WARNING * * *
Your foxfire dissipates!
Unknown command.
Casting: Foxfire (safe; 1% risk of failure)
Confirm with . or Enter, or press ? or * to list all spells.
Aiming: Inner Flame (dangerous; 3% risk of failure)
Press: ? - help, Dir - move target, f - goblin
Aim: a goblin, wielding a +0 dagger (ally target, chance to affect: 92%)
The goblin is filled with an inner flame.
* * * LOW HITPOINT WARNING * * *
The foxfire hits Robin.
Robin is lightly wounded.
The foxfire hits Robin.
Robin is moderately wounded.
Casting: Foxfire (safe; 1% risk of failure)
Press: ? - help, Q - select action, (/) - cycle Dir - look around, f - activate You conjure some foxfire!
* * * LOW HITPOINT WARNING * * *
The foxfire hits the goblin.
The goblin explodes!
You hear a shout!
Casting: Foxfire (safe; 1% risk of failure)
Confirm with . or Enter, or press ? or * to list all spells.
Aiming: Inner Flame (dangerous; 3% risk of failure)
Press: ? - help, Dir - move target, f - Robin
Aim: Robin, wielding a +0 whip, wearing a +0 leather armour and wearing a +0 helmet (moderately wounded, ally target, chance to affect: 87%) Robin is filled with an inner flame.
* * * LOW HITPOINT WARNING * * *
Your foxfire dissipates!
Robin throws the goblin at you!
Casting: Foxfire (safe; 1% risk of failure)
Press: ? - help, Q - select action, (/) - cycle Dir - look around, f - activate You conjure some foxfire!
* * * LOW HITPOINT WARNING * * *
The foxfire hits Robin.
Flame seeps out of Robin.
Robin is moderately wounded.
The foxfire hits Robin!
Flame seeps out of Robin.
Robin is almost dead.
The goblin hits you with a +0 club.
You die...

## ...## ### .....
##g##..# .
##..@§..#.).
#..vv§......
###...§§##...
#.....§§...§.
##.....§°.§..
#######...§.##○○§§
###.##..#..#....g§§§
###.|.......##...##...
#............#§.##


You could see Robin (inner flame) and a goblin (ally target).

Vanquished Creatures
  A black bear (D:4)
  An ogre (D:4)
  A howler monkey (D:4)
  A hound skeleton (D:2)
  13 mummies (Ossuary)
  4 adders
  An ufetubus (D:3)
  A worm (D:2)
  A dart slug (D:2)
  2 bats (D:2)
  2 endoplasms (D:2)
  2 giant cockroaches
  7 goblins
  3 hobgoblins
  2 jackals (D:2)
  A kobold (D:2)
  4 ball pythons (D:2)
  3 frilled lizards
  2 gnoll skeletons (Ossuary)
  3 goblin skeletons (Ossuary)
  A kobold skeleton (Ossuary)
  2 orc skeletons (Ossuary)
  2 rats
  11 rat skeletons (Ossuary)
71 creatures vanquished.

Vanquished Creatures (others)
  337 foxfires
337 creatures vanquished.

Grand Total: 408 creatures vanquished

Notes
Turn   | Place    | Note
-------+----------+-------------------------------------------
     0 | D:1      | 101zpm the Djinni Fire Elementalist began the quest for the
                  | Orb.
     0 | D:1      | Reached XP level 1. HP: 15/15 MP: 0/0
     1 | D:1      | You are sucked into a shaft and drop 1 floor!
    11 | D:2      | Reached XP level 2. HP: 6/21 MP: 0/0
   292 | D:2      | Reached skill level 3 in Spellcasting
   396 | D:2      | Reached XP level 3. HP: 21/25 MP: 0/0
   396 | D:2      | Learned a level 1 spell: Shock
   613 | D:2      | Found a snail-covered altar of Cheibriados.
   711 | D:2      | Reached XP level 4. HP: 12/31 MP: 0/0
  1703 | D:4      | Noticed Duvessa
  1718 | D:4      | Found a sand-covered staircase.
  1726 | Ossuary  | Entered an ossuary
  1909 | Ossuary  | Reached XP level 5. HP: 30/35 MP: 0/0
  1909 | Ossuary  | Learned a level 2 spell: Static Discharge
  2018 | Ossuary  | Reached skill level 4 in Spellcasting
  2847 | Ossuary  | Reached XP level 6. HP: 30/40 MP: 0/0
  3612 | D:4      | Noticed an ogre
  3616 | D:4      | Killed an ogre
  3617 | D:4      | Reached skill level 5 in Spellcasting
  3620 | D:4      | Noticed a black bear
  3626 | D:4      | Killed a black bear
  3627 | D:4      | Reached XP level 7. HP: 29/45 MP: 0/0
  3627 | D:4      | Learned a level 2 spell: Searing Ray
  3650 | D:4      | Noticed Robin
  3658 | D:4      | Slain by a goblin

Illustrated notes

Levels and vault maps discovered:
D:1:      lemuel_arrival_lava_pool, layout_basic,
          shapermc_ecumenical_altar_totnotflames
D:2:      layout_rooms, basic_altar
D:3:      layout_basic, lemuel_round_altar, minmay_snake_closets
D:4:      layout_cave_pools, slow_altar_1, kennysheep_little_box,
          nicolae_ossuary_entry_plus, minmay_door_square, uniq_ijyb,
          uniq_duvessa, uniq_robin

Skill      XL: |  1  2  3  4  5  6 |
---------------+-------------------+-----
Spellcasting   | 3 4 5 |  5.7
Stealth        | 2 |  2.3
Dodging        | |  2.5

Action                   |  1- 3 |  4- 6 |  7- 9 || total
-------------------------+-------+-------+-------++-------
 Cast: Foxfire           |    51 |   146 |    12 ||   209
       Inner Flame       |     1 |    24 |     5 ||    30
       Scorch            |       |     8 |       ||     8
       Shock             |       |       |     2 ||     2
  Use: Scroll            |       |     6 |       ||     6
Armor: Robe              |       |     1 |     1 ||     2
Dodge: Dodged            |     2 |     1 |     1 ||     4
